 Dungeon Crawl Stone Soup version 0.29.1-13-g9f3cf754e1 (webtiles) character file.

Game seed: 18156012767703409983

133 lilitu the Covered (level 4, -3/40 HPs)
             Began as a Minotaur Fighter on Jan 30, 2023.
             Slain by a hornet (9 damage)
             ... on level 6 of the Dungeon on Jan 31, 2023.
             The game lasted 00:07:56 (2603 turns).

lilitu the Covered (Minotaur Fighter)               Turns: 2603, Time: 00:07:56

Health: -3/40      AC: 12    Str: 22    XL:     4   Next: 93%
Magic:  3/3        EV:  6    Int:  5    God:
Gold:   304        SH: 12    Dex: 10    Spells: 3/3 levels left

rFire   . . .      SeeInvis .   a - +0 flail
rCold   . . .      Faith    .   k - +0 tower shield
rNeg    . . .      Spirit   .   b - +0 scale mail
rPois   +          Reflect  .   l - +1 hat
rElec   .          Harm     .   (no cloak)
rCorr   .          Rampage  .   (no gloves)
Will    .....                   (no boots)
Stlth   ..........              (no amulet)
HPRegen 0.13/turn               u - ring of poison resistance
MPRegen 0.08/turn               c - +4 ring of protection

@: mighty, slowed, very slow
A: horns 2, retaliatory headbutt
a: no special abilities


You were on level 6 of the Dungeon.
You visited 1 branch of the dungeon, and saw 5 of its levels.

You collected 304 gold pieces.

Inventory:

Hand Weapons
 a - a +0 flail (weapon)
 h - a +0 whip
 s - a +0 whip
Missiles
 g - 39 stones (quivered)
 v - 4 poisoned darts
Armour
 b - a +0 scale mail (worn)
 k - a +0 tower shield (worn)
 l - a +1 hat (worn)
Jewellery
 c - a +4 ring of protection (right hand)
 u - a ring of poison resistance (left hand)
Scrolls
 f - 4 scrolls of identify {unknown}
 i - a scroll of fog {unknown}
 j - a scroll of silence {unknown}
 p - a scroll of vulnerability {unknown}
 q - a scroll of immolation {unknown}
 r - a scroll of acquirement {unknown}
 t - a scroll of teleportation {unknown}
 w - a scroll of noise {unknown}
 x - a scroll of poison {unknown}
 y - a scroll of amnesia {unknown}
Potions
 e - a potion of heal wounds {unknown}
 m - 2 potions of mutation {unknown}
 n - a potion of ambrosia {unknown}
 o - a potion of flight {unknown}
 z - a potion of invisibility {unknown}


   Skills:
 + Level 4.2 Fighting
 + Level 3.2 Maces & Flails
 * Level 1.9 Throwing
 + Level 4.6 Armour
 + Level 1.2 Dodging
 + Level 4.2 Shields


You had 3 spell levels left.
You didn't know any spells.
Your spell library contained the following spells:

 Spells                   Type           Power      Damage    Failure   Level
 Magic Dart               Conj           0%         1d3       100%        1
 Call Imp                 Summ           0%         N/A       100%        2
 Ensorcelled Hibernation  Hex/Ice        0%         N/A       100%        2
 Conjure Flame            Conj/Fire      0%         6-21      100%        3
 Ignite Poison            Fire/Tmut/Pois 0%         N/A       100%        3
 Mephitic Cloud           Conj/Pois/Air  0%         N/A       100%        3
 Spider Form              Tmut/Pois      0%         N/A       100%        3
 Anguish                  Hex/Necr       0%         N/A       100%        4
 Sticky Flame             Conj/Fire      0%         2d3       100%        4


Dungeon Overview and Level Annotations

Branches:
Dungeon (6/15)
 Temple: D:4-7

Altars:
Ashenzari
The Shining One


Innate Abilities, Weirdness & Mutations

You have a pair of horns on your head.
You reflexively headbutt those who attack you in melee.


Message History

You hit the iguana but do no damage.
You headbutt the iguana, but do no damage.
The iguana is lightly wounded.
You block the iguana's attack. x2
You barely miss the iguana. You headbutt the iguana.
The iguana is heavily wounded.
The iguana closely misses you.
You completely miss the iguana.
The iguana is heavily wounded.
The iguana barely misses you. You block the iguana's attack.
You hit the iguana.
You headbutt the iguana, but do no damage.
The iguana is severely wounded.
You block the iguana's attack. The iguana bites you.
You barely miss the iguana. Your headbutt misses the iguana.
The iguana is severely wounded.
The iguana bites you but does no damage.
You hit the iguana but do no damage. You headbutt the iguana.
You kill the iguana!
Your Maces & Flails skill increases to level 3!
You see here an iguana corpse.
You open the door.
A hornet comes into view.
Found a glowing whip and a quarterstaff.
Throw: 40 stones
Press: ? - help, Q - select action, (/) - cycle Shift-Dir - straight line, f - hornet
Aim: a hornet (42% to hit)
You throw a stone. The stone closely misses the hornet.
You closely miss the hornet. The hornet stings you!
You feel yourself slow down. You block the hornet's attack.
You feel very mighty all of a sudden. The hornet stings you!
You suddenly lose the ability to move!
The hornet stings you but does no damage.
The hornet stings you!
* * * LOW HITPOINT WARNING * * *
You feel as though you will be slow longer.
The hornet stings you but does no damage.
You can move again.
You closely miss the hornet. The hornet stings you!
You die...

...≈...#
≈≈≈...+ +
.....# .#
....# ..#
#...# ...#
#...# ....#
#...#..)..#
#..@y.....#
#...#.....#
#.†.# #...#
####...###
..#
#.....>..#
)
#<.......#
+........#
#........#
##########


You could see a hornet.

Vanquished Creatures
  An iguana (D:6)
  A gnoll (D:1)
  2 adders (D:2)
  A worm (D:3)
  A dart slug (D:1)
  7 orcs (D:4)
  11 ball pythons
  5 endoplasms
  3 giant cockroaches
  2 goblins
  6 hobgoblins
  3 quokkas
  8 bats
  3 frilled lizards
  7 kobolds
  5 rats
66 creatures vanquished.

Notes
Turn   | Place    | Note
-------+----------+-------------------------------------------
     0 | D:1      | lilitu the Minotaur Fighter began the quest for the Orb.
     0 | D:1      | Reached XP level 1. HP: 19/19 MP: 0/0
   222 | D:1      | Reached XP level 2. HP: 27/27 MP: 1/1
   303 | D:1      | Reached skill level 1 in Throwing
   355 | D:1      | Reached XP level 3. HP: 13/33 MP: 2/2
  1359 | D:2      | Reached skill level 1 in Dodging
  1554 | D:2      | Reached XP level 4. HP: 40/40 MP: 3/3
  1892 | D:3      | Found a broken altar of Ashenzari.
  2379 | D:3      | Found a glowing golden altar of the Shining One.
  2523 | D:4      | Identified the +4 hand axe "Vurac" {pain, rF+ Dex+4}
  2577 | D:4      | You fall into a shaft and drop 2 floors!
  2598 | D:6      | Noticed a hornet
  2601 | D:6      | Paralysed by a hornet for 2 turns
  2603 | D:6      | Slain by a hornet

Illustrated notes

Levels and vault maps discovered:
D:1:      amcnicky_arrival_blooded_trapdoor, layout_basic,
          dreamdust_wishing_well, minmay_pentomino_t4
D:2:      layout_rooms
D:3:      layout_rooms, mainiacjoe_overflow_small_starburst,
          general_overflow_altar, dk_noncrumbling_2, grunt_ministairs_11,
          minmay_bisected
D:4:      layout_basic, dk_xom_monty_hall
D:6:      layout_gridville, mainiacjoe_overflow_brackets, serial_shops,
          nicolae_shop_crystal, uniq_maggie, uniq_sigmund, uniq_prince_ribbit1,
          uniq_grinder, uniq_eustachio

Skill      XL: |  1  2  3  4 |
---------------+-------------+-----
Armour         | 4 |  4.6
Fighting       | 4 |  4.2
Throwing       | 1 |  1.9
Dodging        | 1 |  1.2
Shields        | 4 |  4.2
Maces & Flails | 3 |  3.2

Action                   |  1- 3 |  4- 6 || total
-------------------------+-------+-------++-------
Melee: Flail             |   116 |    54 ||   170
       Headbutt          |     6 |    13 ||    19
Throw: Stone             |       |     1 ||     1
  Use: Potion            |       |     1 ||     1
Armor: Scale mail        |    75 |    28 ||   103
Dodge: Dodged            |    60 |    10 ||    70
Block: Buckler           |    26 |       ||    26
       Tower shield      |    36 |    39 ||    75
